 Dungeon Crawl Stone Soup version 0.21-a0-519-gb765982 (webtiles) character file.

542 Spazmo the Magician (level 7, 0/36 HPs)
             Began as a Deep Elf Fire Elementalist on Dec 3, 2017.
             Slain by darosk's ghost (10 damage)
             ... on level 4 of the Dungeon on Dec 4, 2017.
             The game lasted 00:11:43 (4734 turns).

Spazmo the Magician (Deep Elf Fire Elementalist)    Turns: 4734, Time: 00:11:43

Health: 0/36       AC:  2    Str:  5    XL:     7   Next: 6%
Magic:  4/18       EV: 13    Int: 26    God:
Gold:   256        SH:  0    Dex: 15    Spells: 3/18 levels left

rFire    . . .     SeeInvis .   m - +0 whip (elec)
rCold    . . .     Gourm    .   (no shield)
rNeg     . . .     Faith    .   a - +0 robe
rPois    +         Spirit   .   (no helmet)
rElec    .         Reflect  .   (no cloak)
rCorr    .         Harm     .   (no gloves)
MR       .....                  (no boots)
Stlth    ++........             (no amulet)
HPRegen  0.12/turn              f - +4 ring of intelligence
MPRegen  0.16/turn              r - ring of poison resistance

@: no status effects
A: no striking features
a: no special abilities


You were on level 4 of the Dungeon.
You were hungry.

You visited 1 branch of the dungeon, and saw 4 of its levels.

You collected 256 gold pieces.

Inventory:

Hand Weapons
 h - a +0 hunting sling
 m - a +0 whip of electrocution (weapon)
Missiles
 d - 160 stones (quivered)
Armour
 a - a +0 robe (worn)
Jewellery
 f - a +4 ring of intelligence (left hand)
 r - a ring of poison resistance (right hand)
 t - an uncursed ring of wizardry
Wands
 q - a wand of disintegration (11)
Scrolls
 e - 3 scrolls of identify
 n - 4 scrolls of remove curse
Potions
 g - 2 potions of might
 i - a potion of curing
 j - 2 potions of heal wounds
 o - a potion of haste
 p - a potion of resistance
 s - a potion of ambrosia
Books
 b - a book of Flames

   Spells                             Type                      Level
   a - Flame Tongue                   Conjuration/Fire             1
   b - Throw Flame                    Conjuration/Fire             2
   c - Conjure Flame                  Conjuration/Fire             3
   d - Inner Flame                    Hexes/Fire                   3
   e - Sticky Flame                   Conjuration/Fire             4
   f - Fireball                       Conjuration/Fire             5
Comestibles
 c - 5 bread rations
 k - a meat ration
 l - 2 royal jellies


   Skills:
 - Level 3.0 Dodging
 - Level 3.0 Stealth
 + Level 6.1 Spellcasting
 + Level 4.5 Conjurations
 + Level 5.6 Fire Magic


You had 3 spell levels left.
You knew the following spells:

 Your Spells              Type           Power        Failure   Level  Hunger
a - Flame Tongue          Conj/Fire      ####.        1%          1    None
b - Throw Flame           Conj/Fire      ####..       1%          2    None
c - Conjure Flame         Conj/Fire      ####....     2%          3    None
d - Sticky Flame          Conj/Fire      ####....     9%          4    ###....
e - Fireball              Conj/Fire      ####......   22%         5    #####..


Dungeon Overview and Level Annotations

Branches:
Dungeon (4/15)
 Temple: D:4-7

Altars:
Elyvilon
Trog

Annotations:
D:4 darosk's ghost, amateur GrFi


Message History

Press: ? - help, Shift-Dir - straight line, f/p - darosk's ghost
Aim: darosk's ghost (almost destroyed)
The flame tongue hits darosk's ghost.
Darosk's ghost appears unharmed.
Darosk's ghost is almost destroyed.
Darosk's ghost whispers, "It is all a dream - a grotesque and foolish dream."
Casting: Flame Tongue
Confirm with . or Enter, or press ? or * to list all spells.
Aiming: Flame Tongue
Press: ? - help, Shift-Dir - straight line, f/p - darosk's ghost
Aim: darosk's ghost (severely damaged)
The flame tongue misses darosk's ghost.
Darosk's ghost closely misses you.
Casting: Flame Tongue
Confirm with . or Enter, or press ? or * to list all spells.
Aiming: Flame Tongue
Press: ? - help, Shift-Dir - straight line, f/p - darosk's ghost
Aim: darosk's ghost (severely damaged)
The flame tongue hits darosk's ghost.
Darosk's ghost completely resists.
Darosk's ghost is severely damaged.
Darosk's ghost hits you!
You die...

##.## ##.......#####..### #.#
##.....## #......## ####.#
##...## #.#.....# #....#
##+## #.####..# #.#### #.#
####.......# #.# #.#
#........#.# #.# ###
##.###.######.#.#
#.#######.###...##.######.#.#
#........#.#.@...#.##.......#
#######.###.#W..##.##.###.###
#.## ##.........#....#
##.###.##.######.#####
##.#.###.# ### ##.## #.#
##########.# #..........#
#.#######..#


You could see darosk's ghost.

Vanquished Creatures
  An ice beast (D:4)
  2 big kobolds (D:3)
  A hound (D:4)
  An orc wizard (D:3)
  3 adders
  8 gnolls (D:3)
  2 oozes
  3 worms
  A dart slug (D:2)
  3 leopard geckos
  2 orcs (D:3)
  A giant cockroach (D:1)
  32 goblins
  34 hobgoblins
  7 jackals
  10 kobolds
  2 quokkas
  A ball python (D:2)
  5 bats
  4 frilled lizards
  A quokka skeleton (D:4)
  6 rats
130 creatures vanquished.

Notes
Turn   | Place    | Note
-------+----------+-------------------------------------------
     0 | D:1      | Spazmo the Deep Elf Fire Elementalist began the quest for the Orb.
     0 | D:1      | Reached XP level 1. HP: 10/10 MP: 6/6
    74 | D:1      | Reached XP level 2. HP: 15/15 MP: 1/8
    78 | D:1      | Learned a level 2 spell: Throw Flame
   731 | D:1      | Reached XP level 3. HP: 19/19 MP: 6/9
   989 | D:1      | Learned a level 3 spell: Conjure Flame
  1224 | D:2      | Reached XP level 4. HP: 24/24 MP: 4/11
  1230 | D:2      | Learned a level 4 spell: Sticky Flame
  1548 | D:2      | Reached skill level 4 in Spellcasting
  1562 | D:2      | Upgraded the game from 0.21-a0-515-g8d4ebbe to 0.21-a0-519-gb765982
  2081 | D:3      | Found a bloodstained altar of Trog.
  2357 | D:3      | Found a white marble altar of Elyvilon.
  2563 | D:3      | Reached XP level 5. HP: 28/28 MP: 10/13
  3134 | D:3      | Reached skill level 5 in Spellcasting
  3152 | D:3      | Reached skill level 5 in Fire Magic
  3152 | D:3      | Reached XP level 6. HP: 28/32 MP: 3/16
  3164 | D:3      | Learned a level 5 spell: Fireball
  4287 | D:4      | Noticed an ice beast
  4291 | D:4      | Killed an ice beast
  4291 | D:4      | Reached skill level 6 in Spellcasting
  4485 | D:4      | Reached XP level 7. HP: 36/36 MP: 15/18
  4651 | D:4      | Noticed darosk's ghost (amateur GrFi)
  4734 | D:4      | Slain by darosk's ghost

Vault maps used:
D:1:      dpeg_arrival_simpleton_a
D:2:      kennysheep_generic_room_13
D:3:      minmay_goblin_kobold_castle, lemuel_doored_altar, elyvilon_altar_1
D:4:      first_bread, uniq_robin

Skill      XL: |  1  2  3  4  5  6 |
---------------+-------------------+-----
Stealth        | 3 |  3.0
Dodging        | 3 |  3.0
Conjurations   | 2 3 4 |  4.5
Spellcasting   | 4 5 6 |  6.1
Fire Magic     | 4 5 |  5.6

Action                   |  1- 3 |  4- 6 |  7- 9 || total
-------------------------+-------+-------+-------++-------
Throw: Stone             |     1 |     2 |       ||     3
 Cast: Flame Tongue      |    64 |   133 |    19 ||   216
       Throw Flame       |     1 |    16 |       ||    17
       Sticky Flame      |       |     2 |     1 ||     3
       Conjure Flame     |       |       |     2 ||     2
  Use: Scroll            |     5 |     5 |       ||    10
       Potion            |     1 |     1 |       ||     2
  Eat: Chunk             |     1 |    10 |       ||    11
Armor: Robe              |     2 |     4 |       ||     6
Dodge: Dodged            |    10 |    17 |     5 ||    32

Table legend:
 A = Spawn XP
 B = Non-spawn XP
 C = Spawn XP percentage of total XP
 D = Spawn monster count
 E = Non-spawn monster count
 F = Spawn count percentage of total count
 G = Total turns spent on level
                    A         B        C        D         E        F      G
               +---------+---------+-------+---------+---------+-------+---------
         Total |       0 |     775 |   0.0 |       0 |     130 |   0.0 |  4734
               +---------+---------+-------+---------+---------+-------+---------
           D:1 |       0 |      54 |   0.0 |       0 |      28 |   0.0 |  1026
           D:2 |       0 |      74 |   0.0 |       0 |      26 |   0.0 |  1035
           D:3 |       0 |     468 |   0.0 |       0 |      70 |   0.0 |  2172
           D:4 |       0 |     179 |   0.0 |       0 |       6 |   0.0 |   501
               +---------+---------+-------+---------+---------+-------+---------
